 Dungeon Crawl Stone Soup version 0.31.0-9-g3a7656b989 (webtiles) character file.

Game seed: 10484626164431697271

255 Kass the Sneak (level 5, 0/24 HPs)
             Began as a Spriggan Enchanter on Jan 30, 2024.
             Succumbed to an adder's poison
             ... on level 4 of the Dungeon.
             The game lasted 00:08:30 (3109 turns).

Kass the Sneak (Spriggan Enchanter)                 Turns: 3109, Time: 00:08:31

Health: 0/24       AC:  2    Str:  4    XL:     5   Next: 91%
Magic:  7/12       EV: 19    Int: 16    God:
Gold:   129        SH:  0    Dex: 18    Spells: 2/12 levels left

rFire   . . .        i - +1 short sword (speed)
rCold   . . .        (no shield)
rNeg    . . .        b - +0 robe
rPois   .            (helmet restricted)
rElec   .            (no cloak)
rCorr   .            (gloves unavailable)
SInv    +            (boots unavailable)
Will    .....        (no amulet)
Stlth   +++          (no ring)
HPRegen 0.24/turn    (no ring)
MPRegen 0.13/turn

%: no passive effects
@: lethally poisoned (0 -> -2), confusing by touch, very quick
A: very small, no large weapons, unfitting armour, see invisible, speed 3
a: no special abilities


You were on level 4 of the Dungeon.
You visited 1 branch of the dungeon, and saw 4 of its levels.

You collected 129 gold pieces.

Inventory:

Hand Weapons
 a - a +1 dagger
 i - a +1 short sword of speed (weapon)
 j - a +1 dagger of distortion
Armour
 b - a +0 robe (worn)
Jewellery
 s - a ring of protection from cold
Wands
 q - a wand of flame (20)
 r - a wand of charming (5)
Scrolls
 d - a scroll of brand weapon {unknown}
 g - 2 scrolls of enchant weapon {unknown}
 h - 6 scrolls of identify {unknown}
 l - a scroll of immolation {unknown}
 m - 2 scrolls of silence {unknown}
 n - a scroll of enchant armour {unknown}
 p - a scroll of blinking {unknown}
 u - a scroll of noise {unknown}
Potions
 c - 3 potions of invisibility
 e - a potion of attraction {unknown}
 f - a potion of heal wounds {unknown}
 k - 3 potions of curing {unknown}
 o - a potion of brilliance {unknown}
 t - a potion of degeneration {unknown}


   Skills:
 + Level 0.3 Fighting
 + Level 2.8 Short Blades
 + Level 4.2 Dodging
 + Level 5.9 Stealth
 + Level 4.1 Spellcasting
 + Level 4.7 Hexes
 + Level 0.6 Translocations
 + Level 0.5 Evocations


You had 2 spell levels left.
You knew the following spells:

 Your Spells              Type           Power      Damage    Failure   Level
a - Ensorcelled Hibernat  Hex/Ice        20%        N/A       10%         2
b - Confusing Touch       Hex            18%        N/A       7%          3
c - Tukima's Dance        Hex            18%        N/A       7%          3
d - Blink                 Tloc           10%        N/A       19%         2

Your spell library contained the following spells:

 Spells                   Type           Power      Damage    Failure   Level
 Sandblast                Erth           6%         2d5       17%         1
 Lesser Beckoning         Tloc           10%        N/A       19%         2
 Momentum Strike          Conj/Tloc      8%         3d8       22%         2
 Dazzling Flash           Conj/Hex       20%        N/A       19%         3
 Fugue of the Fallen      Necr           3%         N/A       45%         3
 Passwall                 Erth           3%         N/A       45%         3
 Stone Arrow              Conj/Erth      6%         3d7       45%         3
 Anguish                  Hex/Necr       5%         N/A       52%         4
 Brom's Barrelling Bould  Conj/Erth      3%         2d3       86%         4


Dungeon Overview and Level Annotations

Branches:
Dungeon (4/15)
 Temple: D:4-7

Altars:
Dithmenos

Annotations:
D:4 Blork the orc


Innate Abilities, Weirdness & Mutations

You are very small and have problems with some larger weapons.
You are too small for most types of armour.
You have supernaturally acute eyesight. (SInv)
You cover ground extremely quickly. (Speed+++)


Message History

The iguana resists with significant effort.
Things that are here:
a +0 whip; 3 poisoned darts
Casting: Ensorcelled Hibernation (safe; 10% risk of failure)
Confirm with . or Enter, or press ? or * to list all spells.
Aiming: Ensorcelled Hibernation (safe; 10% risk of failure)
Press: ? - help, Shift-Dir - straight line, f/p - iguana
Aim: an iguana (chance to affect: 52%)
The iguana looks drowsy...
The helpless iguana fails to defend itself.
You impale the iguana!!
You kill the iguana!
The hound enters a dispersal trap!
You blink.
Blork the orc and an adder come into view.
Blork the orc is wielding a +0 scimitar and wearing a +2 robe of fire resistance.
Found a scroll labelled TAIPECH ATZAUP.
The adder hisses angrily.
Casting: Ensorcelled Hibernation (safe; 10% risk of failure)
Confirm with . or Enter, or press ? or * to list all spells.
Your hands begin to glow red.
Blork the orc casts a cantrip, but nothing happens.
You closely miss the adder. The adder barely misses you.
You hit the adder but do no damage. The adder misses you.
You barely miss the adder. You miss the adder.
The adder bites you but does no damage.
You hit Blork the orc but do no damage. The adder bites you but does no damage.
Blork the orc points at you and mumbles some strange words.
The puff of frost misses you.
You closely miss Blork the orc. The adder misses you.
You closely miss Blork the orc.
Blork the orc hits you with a +0 scimitar!
You closely miss Blork the orc. The adder misses you.
You hit Blork the orc but do no damage. The adder bites you.
You are poisoned.
The adder poisons you!
Blork the orc hits you with a +0 scimitar!
* * * LOW HITPOINT WARNING * * *
* * * LOW HITPOINT WARNING * * *
You feel sick.
You die...

#... .## #.†# ...###..#
.......)# #. .....#..#
#.... #######.....##
#...$.#
..##...###......#####.....#
.............#........###..
........S.@..#.........##..
........o##).......##......
.........###...............
........## ##..............
...#..... ..........###....
.......?. ....####### #..>.
.#.##########. #..## #. #.
#.##.... #.......


You could see Blork the orc and an adder.

Vanquished Creatures
  An iguana (D:4)
  2 sleepcaps (D:4)
  Natasha (thrice) (D:3)
  3 adders (D:2)
  2 dart slugs
  3 ribbon worms
  4 ball pythons
  5 bats
  6 endoplasms
  4 giant cockroaches
  6 goblins
  3 hobgoblins (D:1)
  3 jackals (D:1)
  3 quokkas
  5 frilled lizards
  7 kobolds
  7 rats
67 creatures vanquished.

Notes
Turn   | Place    | Note
-------+----------+-------------------------------------------
     0 | D:1      | Kass the Spriggan Enchanter began the quest for the Orb.
     0 | D:1      | Reached XP level 1. HP: 9/9 MP: 5/5
   196 | D:1      | Reached XP level 2. HP: 13/13 MP: 6/6
   215 | D:1      | Learned a level 2 spell: Ensorcelled Hibernation
   992 | D:1      | Reached XP level 3. HP: 13/16 MP: 8/8
  1457 | D:2      | Reached skill level 5 in Stealth
  1484 | D:2      | Learned a level 3 spell: Confusing Touch
  1783 | D:2      | Reached XP level 4. HP: 21/21 MP: 10/10
  1932 | D:2      | Found a faded altar of an unknown god.
  2012 | D:2      | Got Plato's Volume of Metal
  2110 | D:3      | Learned a level 3 spell: Tukima's Dance
  2269 | D:3      | Found a shadowy altar of Dithmenos.
  2442 | D:3      | Noticed Natasha
  2464 | D:3      | Killed Natasha
  2646 | D:3      | Noticed Natasha
  2656 | D:3      | Killed Natasha
  2657 | D:3      | Reached XP level 5. HP: 19/24 MP: 2/11
  2851 | D:3      | Noticed Natasha
  2858 | D:3      | Killed Natasha
  2987 | D:4      | Learned a level 2 spell: Blink
  3092 | D:4      | Noticed Blork the orc
  3108 | D:4      | HP: 1/24 [poisoned by an adder]
  3109 | D:4      | Succumbed to an adder's poison

Illustrated notes

Levels and vault maps discovered:
D:1:      dpeg_arrival_houses_and_road, layout_basic, hangedman_feature_mirror,
          minmay_hexomino_u4
D:2:      layout_basic, shapermc_ecumenical_altar_rom_forum, glass_columns_a,
          minmay_between
D:3:      layout_loops_ring, nicolae_dithmenos_through_a_glass_darkly,
          serial_glass, glass_columns_a, glass_columns_b, serial_bayou_lake_a,
          uniq_natasha
D:4:      cheibrodos_quashed, layout_rooms, minmay_temple_entry_nine_rooms,
          nicolae_shop_clearance, uniq_blork_the_orc

Skill      XL: |  1  2  3  4  5 |
---------------+----------------+-----
Dodging        | 3 4 |  4.2
Spellcasting   | 3 4 |  4.1
Hexes          | 4 |  4.7
Stealth        | 5 |  5.9
Short Blades   | 2 |  2.8
Fighting       | |  0.3
Translocations | |  0.6
Evocations     | |  0.5

Action                     |  1- 3 |  4- 6 || total
---------------------------+-------+-------++-------
  Melee: Dagger            |    47 |       ||    47
         Short sword       |    67 |    96 ||   163
         Punch             |     1 |       ||     1
   Cast: Ensorcelled Hiber |    12 |    14 ||    26
         Confusing Touch   |       |     1 ||     1
   Stab: Sleeping          |    19 |    16 ||    35
 Armour: Robe              |    19 |    24 ||    43
  Dodge: Dodged            |    65 |    40 ||   105
